 Dungeon Crawl Stone Soup version 0.15-a0-2193-g309c75d (webtiles) character file.

41 MRaven the Firebug (level 3, -1/24 HPs)
             Began as a Demonspawn Fire Elementalist on July 22, 2014.
             Slain by a gnoll
             ... wielding a +0 halberd
              (15 damage)
             ... on Level 2 of the Dungeon.
             The game lasted 00:11:37 (1432 turns).

MRaven the Firebug (Demonspawn Fire Elementalist)   Turns: 1432, Time: 00:11:37

HP  -1/24        AC  4     Str  8      XL: 3   Next: 32%
MP   3/6         EV 12     Int 17      God:
Gold 85          SH  0     Dex 13      Spells:  3 memorised,  1 level left

rFire  . . .     SeeInvis .     m - +0 hunting sling
rCold  . . .     Clarity  .     a - +1 robe
rNeg   . . .     rCorr    .     (no shield)
rPois  .         rRot     .     (no helmet)
rElec  .         Spirit   .     (no cloak)
SustAb .         Warding  .     h - +0 pair of gloves
rMut   .         Stasis   .     (no boots)
Gourm  .                        (no amulet)
MR     .....                    (no ring)
                                (no ring)

@: not resistant to hostile enchantments, unstealthy
A: hooves 1, nightstalker 1
a: no special abilities


You were on level 2 of the Dungeon.
You were not hungry.

You visited 1 branch of the dungeon, and saw 2 of its levels.

You collected 85 gold pieces.

Inventory:

Hand weapons
 m - a +0 hunting sling (weapon)
Missiles
 e - 6 stones (quivered)
Armour
 a - a +1 robe (worn)
 h - a +0 pair of gloves (worn)
Comestibles
 c - 6 bread rations
 k - a rotting chunk of giant cockroach flesh
 l - a meat ration
Scrolls
 f - a scroll of identify
 g - a scroll of teleportation {unknown}
 i - a scroll of enchant armour
Jewellery
 n - an uncursed ring of ice
Potions
 j - a potion of curing {unknown}
 q - a potion of agility
Books
 b - a book of Flames

   Spells                             Type                      Level
   *Flame Tongue                      Conjuration/Fire             1
   *Throw Flame                       Conjuration/Fire             2
   *Conjure Flame                     Conjuration/Fire             3
   Inner Flame                        Hexes/Fire                   3
   Sticky Flame                       Conjuration/Fire             4
   Fireball                           Conjuration/Fire             5


   Skills:
 - Level 1.7 Dodging
 - Level 1.7 Stealth
 * Level 2.6 Spellcasting
 + Level 2.0 Conjurations
 + Level 3.1 Fire Magic


You had one spell level left.
You knew the following spells:

 Your Spells              Type           Power        Failure   Level  Hunger
a - Flame Tongue          Conj/Fire      ##...        10%         1    #......
b - Throw Flame           Conj/Fire      ##....       12%         2    ##.....
c - Conjure Flame         Conj/Fire      ##......     21%         3    ###....


Dungeon Overview and Level Annotations

Branches:
Dungeon (2/15)

Altars:


Innate Abilities, Weirdness & Mutations

You have large cloven feet.
You are slightly more attuned to the shadows.


Message History

Aim: a gnoll, wielding a halberd You shoot a stone.
The stone completely misses the gnoll.
Firing (i - inventory):
e - 8 stones (quivered)
Press: ? - help, Shift-Dir - straight line, f/p - gnoll
Aim: a gnoll, wielding a halberd You shoot a stone.
The stone closely misses the gnoll.
Firing (i - inventory):
e - 7 stones (quivered)
Press: ? - help, Shift-Dir - straight line, f/p - gnoll
Aim: a gnoll, wielding a halberd You shoot a stone.
The stone hits the gnoll but does no damage.
The gnoll hits you from afar with a halberd!
Casting: Conjure Flame
Confirm with . or Enter, or press ? or * to list all spells.
Aiming: Conjure Flame
Press: ? - help, Dir - move target cursor, p - gnoll The fire roars!
The gnoll hits you from afar with a halberd!
Ouch! That really hurt!
You die...

#.##.#..# #..).....#
#.##..#.## ###.###..#
#....###g###.....##!#
###.#...#.g....((# .g.
#.##.<.##.#(......##.g
##.#...#.##..(..##g#..
##.###.# #...g.#
##.#.## #####ยง# ##..#
#.#@# ##.#####.#..#
#.##...###.##
#.##..#>..#.##
##.##.##.<.##.#
#...#..#...#.#####.#
#.#.....###........#
#...#.##.#..########
#####.......#


You could see a gnoll.

Vanquished Creatures
  A gnoll (D:2)
  An adder (D:2)
  2 giant cockroaches (D:2)
  A hobgoblin (D:1)
  3 kobolds
  6 bats
  3 giant newts
  4 goblins
  A rat (D:1)
22 creatures vanquished.

Notes
Turn   | Place    | Note
--------------------------------------------------------------
     0 | D:1      | MRaven, the Demonspawn Fire Elementalist, began the quest for the Orb.
     0 | D:1      | Reached XP level 1. HP: 13/13 MP: 3/3
   446 | D:1      | Gained mutation: You are slightly more attuned to the shadows. [demonic ancestry]
   446 | D:1      | Reached XP level 2. HP: 19/19 MP: 4/4
   592 | D:1      | Learned a level 2 spell: Throw Flame
   837 | D:2      | Reached skill level 3 in Fire Magic
  1137 | D:2      | Gained mutation: You have large cloven feet. [demonic ancestry]
  1137 | D:2      | Reached XP level 3. HP: 24/24 MP: 6/6
  1189 | D:2      | Learned a level 3 spell: Conjure Flame
  1432 | D:2      | Slain by a gnoll

Action                   || total
-------------------------++-------
 Fire: Hunting sling     ||    43
 Cast: Flame Tongue      ||    20
       Conjure Flame     ||     2
  Use: Scroll            ||     5
  Eat: Fruit             ||     3
